| TOP OF THE 1ST |
|
Florida State University Seminoles batting - Pitching for University of Alabama Crimson Tide : RHP Maarten Postma
|
|
Pitching: RHP Maarten Postma
|
|
|
Batting: SHB Jon Odle
|
0-0: Foul Ball, location: 2F 0-1: Called Strike 0-2: Strikes out swinging
|
|
Batting: LHB Brian Clayton
|
0-0: Called Strike 0-1: Ball 1-1: Called Strike 1-2: Foul Ball, location: 2F 1-2: Strikes out swinging
|
|
Batting: LHB John Doiron
|
0-0: Called Strike 0-1: Ball 1-1: Called Strike 1-2: Foul Ball, location: 2F 1-2: Foul Ball, location: 2F 1-2: Strikes out swinging
|
| Top of the 1st over - 0 runs, 0 hits, 0 errors, 0 left on base; Florida State University 0 - University of Alabama 0 |
| BOTTOM OF THE 1ST |
|
University of Alabama Crimson Tide batting - Pitching for Florida State University Seminoles : RHP Marty Rees
|
|
Pitching: RHP Marty Rees
|
|
|
Batting: RHB Danny Rosario
|
0-0: Called Strike 0-1: Ball 1-1: Called Strike 1-2: Foul Ball, location: 2F 1-2: Ball 2-2: Fly out, F8 (Line Drive, 8RM, EV 89.4 MPH)
|
|
Batting: LHB Platon Protopsaltis
|
0-0: Ground out 4-3 (Groundball, 34, EV 90.0 MPH)
|
|
Batting: RHB Al Lara
|
0-0: Called Strike 0-1: Called Strike 0-2: Ball 1-2: Strikes out swinging
|
| Bottom of the 1st over - 0 runs, 0 hits, 0 errors, 0 left on base; Florida State University 0 - University of Alabama 0 |
| TOP OF THE 2ND |
|
Florida State University Seminoles batting - Pitching for University of Alabama Crimson Tide : RHP Maarten Postma
|
|
Batting: LHB Kuang-an Liu
|
0-0: Foul Ball, location: 2F 0-1: Ball 1-1: Ball 2-1: Foul Ball, location: 2F 2-2: Foul Ball, location: 2F 2-2: Ball 3-2: Strikes out swinging
|
|
Batting: RHB Johnny Sherwood
|
0-0: Ball 1-0: Foul Ball, location: 2F 1-1: Ball 2-1: Foul Ball, location: 2F 2-2: Strikes out swinging
|
|
Batting: RHB George Smienk
|
0-0: Called Strike 0-1: Ball 1-1: Foul Ball, location: 2F 1-2: Strikes out swinging
|
| Top of the 2nd over - 0 runs, 0 hits, 0 errors, 0 left on base; Florida State University 0 - University of Alabama 0 |
| BOTTOM OF THE 2ND |
|
University of Alabama Crimson Tide batting - Pitching for Florida State University Seminoles : RHP Marty Rees
|
|
Batting: RHB Justin Gray
|
0-0: Called Strike 0-1: Ball 1-1: Ball 2-1: Ground out 4-3 (Groundball, 4MD, EV 83.1 MPH)
|
|
Batting: RHB David Sanchez
|
0-0: Fly out, F8 (Flyball, 78M, EV 86.9 MPH)
|
|
Batting: RHB Hughie Withers
|
0-0: Swinging Strike 0-1: Ball 1-1: Foul Ball, location: 2F 1-2: Foul Ball, location: 2F 1-2: Fly out, F8 (Flyball, 78D, EV 104.4 MPH)
|
| Bottom of the 2nd over - 0 runs, 0 hits, 0 errors, 0 left on base; Florida State University 0 - University of Alabama 0 |
| TOP OF THE 3RD |
|
Florida State University Seminoles batting - Pitching for University of Alabama Crimson Tide : RHP Maarten Postma
|
|
Batting: RHB Bart Hall
|
0-0: Ball 1-0: Foul Ball, location: 2F 1-1: Ball 2-1: Swinging Strike 2-2: Strikes out swinging
|
|
Batting: SHB John Welsh
|
0-0: Called Strike 0-1: Foul Ball, location: 2F 0-2: Ball 1-2: Ball 2-2: Strikes out swinging
|
|
Batting: RHB J.R. Harvey
|
0-0: Ball 1-0: Called Strike 1-1: Ball 2-1: Foul Ball, location: 2F 2-2: Fly out, F7 (Flyball, 7LD, EV 98.8 MPH)
|
| Top of the 3rd over - 0 runs, 0 hits, 0 errors, 0 left on base; Florida State University 0 - University of Alabama 0 |
| BOTTOM OF THE 3RD |
|
University of Alabama Crimson Tide batting - Pitching for Florida State University Seminoles : RHP Marty Rees
|
|
Batting: LHB Joe Blackwood
|
0-0: Ball 1-0: Fly out, F9 (Flyball, 9D, EV 83.8 MPH)
|
|
Batting: RHB Gualtiero Fagnini
|
0-0: Swinging Strike 0-1: Called Strike 0-2: Ground out 5-3 (Groundball, 5, EV 83.1 MPH)
|
|
Batting: RHB Matt Aponte
|
0-0: Called Strike 0-1: SINGLE (Groundball, 6MD, EV 106.9 MPH)
|
|
Batting: RHB Danny Rosario
|
0-0: Called Strike 0-1: Foul Ball, location: 2F 0-2: Foul Ball, location: 2F 0-2: Strikes out swinging
|
| Bottom of the 3rd over - 0 runs, 1 hit, 0 errors, 1 left on base; Florida State University 0 - University of Alabama 0 |
| TOP OF THE 4TH |
|
Florida State University Seminoles batting - Pitching for University of Alabama Crimson Tide : RHP Maarten Postma
|
|
Batting: SHB Jon Odle
|
0-0: Called Strike 0-1: Foul Ball, location: 2F 0-2: Strikes out swinging
|
|
Batting: LHB Brian Clayton
|
0-0: Foul Ball, location: 2F 0-1: Foul Ball, location: 2F 0-2: Ball 1-2: Ball 2-2: Foul Ball, location: 2F 2-2: Strikes out swinging
|
|
Batting: LHB John Doiron
|
0-0: Called Strike 0-1: Ball 1-1: Ball 2-1: Ball 3-1: Base on Balls
|
|
Batting: LHB Kuang-an Liu
|
0-0: Ball Wild Pitch! John Doiron to second 1-0: SINGLE (Groundball, 25, EV 66.9 MPH) (infield hit) John Doiron to third
|
|
Batting: RHB Johnny Sherwood
|
0-0: Ground out 4-3 (Groundball, 4, EV 86.9 MPH)
|
| Top of the 4th over - 0 runs, 1 hit, 0 errors, 2 left on base; Florida State University 0 - University of Alabama 0 |
| BOTTOM OF THE 4TH |
|
University of Alabama Crimson Tide batting - Pitching for Florida State University Seminoles : RHP Marty Rees
|
|
Batting: LHB Platon Protopsaltis
|
0-0: Swinging Strike 0-1: Ball 1-1: Ball 2-1: Foul Ball, location: 2F 2-2: Ball 3-2: Ground out 6-3 (Groundball, 6M, EV 108.8 MPH)
|
|
Batting: RHB Al Lara
|
0-0: Called Strike 0-1: Called Strike 0-2: Ball 1-2: Foul Ball, location: 2F 1-2: Ball 2-2: Strikes out swinging
|
|
Batting: RHB Justin Gray
|
0-0: Ball 1-0: Ball 2-0: Foul Ball, location: 2F 2-1: Called Strike 2-2: Foul Ball, location: 2F 2-2: Ground out 5-3 (Groundball, 56S, EV 81.2 MPH)
|
| Bottom of the 4th over - 0 runs, 0 hits, 0 errors, 0 left on base; Florida State University 0 - University of Alabama 0 |
| TOP OF THE 5TH |
|
Florida State University Seminoles batting - Pitching for University of Alabama Crimson Tide : RHP Maarten Postma
|
|
Pitching: RHP Justin Hillard
|
|
|
Now at 3B: Mike Bidwell
|
|
|
Now at SS: Rodrik Gardner
|
|
|
Now in RF: John Hicken
|
|
|
Batting: RHB George Smienk
|
0-0: Ball 1-0: Swinging Strike 1-1: Swinging Strike 1-2: Strikes out swinging
|
|
Batting: RHB Bart Hall
|
0-0: Ball 1-0: Foul Ball, location: 2F 1-1: Foul Ball, location: 2F 1-2: Ball 2-2: Foul Ball, location: 2F 2-2: Strikes out looking and he ARGUES THE CALL AND IS TOSSED!
|
|
Batting: SHB John Welsh
|
0-0: Ground out U3 (Groundball, 34S, EV 85.6 MPH)
|
| Top of the 5th over - 0 runs, 0 hits, 0 errors, 0 left on base; Florida State University 0 - University of Alabama 0 |
| BOTTOM OF THE 5TH |
|
University of Alabama Crimson Tide batting - Pitching for Florida State University Seminoles : RHP Marty Rees
|
|
Pitching: RHP Barrett Bishop
|
|
|
Now at C: Hastings Miller
|
|
|
Now at 1B: Grayson Carmichael
|
|
|
Batting: RHB David Sanchez
|
0-0: Called Strike 0-1: Ball 1-1: Ball 2-1: Fly out, F4 (Popup, 4, EV 78.8 MPH)
|
|
Batting: RHB Hughie Withers
|
0-0: Called Strike 0-1: Swinging Strike 0-2: Ground out 5-3 (Groundball, 5, EV 88.8 MPH)
|
|
Batting: LHB Joe Blackwood
|
0-0: Ground out 6-3 (Groundball, 6, EV 82.5 MPH)
|
| Bottom of the 5th over - 0 runs, 0 hits, 0 errors, 0 left on base; Florida State University 0 - University of Alabama 0 |
| TOP OF THE 6TH |
|
Florida State University Seminoles batting - Pitching for University of Alabama Crimson Tide : RHP Justin Hillard
|
|
Now at 2B: Rodrik Gardner
|
|
|
Now at SS: Jong-your Lee
|
|
|
Batting: RHB J.R. Harvey
|
0-0: Ball 1-0: Called Strike 1-1: Ball 2-1: Foul Ball, location: 2F 2-2: Foul Ball, location: 2F 2-2: SINGLE (Groundball, 34D, EV 105.6 MPH)
|
|
Pinch Hitting: RHB Shu-yaan Louis
|
0-0: 2-RUN HOME RUN (Flyball, 89XD, EV 113.8 MPH), Distance : 434 ft
|
|
Pinch Hitting: LHB Matt Stewart
|
0-0: Ball 1-0: Called Strike 1-1: Ball 2-1: Foul Ball, location: 2F 2-2: Strikes out swinging
|
|
Batting: LHB Jeff Shields
|
0-0: Foul Ball, location: 2F 0-1: Foul Ball, location: 2F 0-2: Foul Ball, location: 2F 0-2: Foul Ball, location: 2F 0-2: Ball 1-2: Ball 2-2: Foul Ball, location: 2F 2-2: Ground out 5-3 (Groundball, 56, EV 85.6 MPH)
|
|
Pinch Hitting: RHB Randy Bartlett
|
0-0: Ball 1-0: Called Strike 1-1: Reached on error, E5 (Groundball, 56S, EV 69.4 MPH)
|
|
Batting: LHB Hastings Miller
|
0-0: Ball 1-0: Called Strike 1-1: Swinging Strike 1-2: Ball 2-2: Strikes out swinging
|
| Top of the 6th over - 2 runs, 2 hits, 1 error, 1 left on base; Florida State University 2 - University of Alabama 0 |
| BOTTOM OF THE 6TH |
|
University of Alabama Crimson Tide batting - Pitching for Florida State University Seminoles : RHP Barrett Bishop
|
|
Now at 2B: Tyan-yu Chen
|
|
|
Now in LF: Julio Mendoza
|
|
|
Now in CF: Shu-yaan Louis
|
|
|
Now in RF: Matt Stewart
|
|
|
Batting: RHB Gualtiero Fagnini
|
0-0: Ball 1-0: Ball 2-0: Foul Ball, location: 2F 2-1: Ground out 4-3 (Groundball, 4, EV 86.2 MPH)
|
|
Batting: RHB Matt Aponte
|
0-0: Ball 1-0: Ball 2-0: Ball 3-0: Called Strike 3-1: Foul Ball, location: 2F 3-2: Foul Ball, location: 2F 3-2: SINGLE (Groundball, 6D, EV 105.6 MPH)
|
|
Pinch Hitting: LHB Matt Barkley
|
0-0: Ball 1-0: Ball 2-0: Ball 3-0: Base on Balls Matt Aponte to second
|
|
Pinch Hitting: SHB Andrew Robison
|
0-0: Ball 1-0: Ball 2-0: Called Strike 2-1: Foul Ball, location: 2F 2-2: Ball 3-2: Foul Ball, location: 2F 3-2: Foul Ball, location: 2F 3-2: SINGLE (Line Drive, 6D, EV 101.2 MPH) Matt Aponte to third Matt Barkley to second
|
|
Pinch Hitting: RHB Danny Jaramillo
|
0-0: Swinging Strike 0-1: Ball 1-1: Ball 2-1: Fly out, F7 (Line Drive, 78S, EV 100.6 MPH)
|
|
Batting: LHB Alan Sullivan
|
0-0: Fly out, F5 (Popup, 5L, EV 66.2 MPH)
|
| Bottom of the 6th over - 0 runs, 2 hits, 0 errors, 3 left on base; Florida State University 2 - University of Alabama 0 |
| TOP OF THE 7TH |
|
Florida State University Seminoles batting - Pitching for University of Alabama Crimson Tide : RHP Justin Hillard
|
|
Pitching: RHP Alex Reiter
|
|
|
Now at C: Larry Brown
|
|
|
Now at 1B: Onorato Zacagnini
|
|
|
Now at 2B: B.J. Clark
|
|
|
Now at 3B: Fernando Reyes
|
|
|
Now in RF: Andrew Robison
|
|
|
Batting: RHB Julio Mendoza
|
0-0: Foul Ball, location: 2F 0-1: Called Strike 0-2: Strikes out looking
|
|
Batting: RHB Grayson Carmichael
|
0-0: Called Strike 0-1: Called Strike 0-2: Strikes out swinging
|
|
Batting: SHB John Welsh
|
0-0: Ball 1-0: Ball 2-0: Called Strike 2-1: Foul Ball, location: 2F 2-2: Fly out, F8 (Flyball, 78S, EV 88.1 MPH)
|
| Top of the 7th over - 0 runs, 0 hits, 0 errors, 0 left on base; Florida State University 2 - University of Alabama 0 |
| BOTTOM OF THE 7TH |
|
University of Alabama Crimson Tide batting - Pitching for Florida State University Seminoles : RHP Barrett Bishop
|
|
Pitching: RHP Jerry Strickland
|
|
|
Batting: RHB B.J. Clark
|
0-0: Ground out 4-3 (Groundball, 4S, EV 79.4 MPH)
|
|
Batting: RHB Jong-your Lee
|
0-0: Called Strike 0-1: Foul Ball, location: 2F 0-2: Foul Ball, location: 2F 0-2: Foul Ball, location: 2F 0-2: Ball 1-2: Fly out, F9 (Flyball, 9S, EV 84.4 MPH)
|
|
Batting: LHB Joe Blackwood
|
0-0: Called Strike 0-1: Ball 1-1: Ground out U3 (Groundball, 34, EV 81.2 MPH)
|
| Bottom of the 7th over - 0 runs, 0 hits, 0 errors, 0 left on base; Florida State University 2 - University of Alabama 0 |
| TOP OF THE 8TH |
|
Florida State University Seminoles batting - Pitching for University of Alabama Crimson Tide : RHP Alex Reiter
|
|
Pitching: RHP Devon Williams
|
|
|
Batting: RHB J.R. Harvey
|
0-0: Ball 1-0: Called Strike 1-1: Called Strike 1-2: Foul Ball, location: 2F 1-2: Fly out, F1 (Line Drive, P, EV 65.0 MPH)
|
|
Batting: RHB Shu-yaan Louis
|
0-0: Ground out 3-1 (Groundball, 34S, EV 81.9 MPH)
|
|
Batting: LHB Matt Stewart
|
0-0: Ball 1-0: Called Strike 1-1: Ball 2-1: Foul Ball, location: 2F 2-2: Ground out 4-3 (Groundball, 34D, EV 110.6 MPH)
|
| Top of the 8th over - 0 runs, 0 hits, 0 errors, 0 left on base; Florida State University 2 - University of Alabama 0 |
| BOTTOM OF THE 8TH |
|
University of Alabama Crimson Tide batting - Pitching for Florida State University Seminoles : RHP Jerry Strickland
|
|
Pinch Hitting: LHB Adam Antico
|
0-0: Called Strike 0-1: Ball 1-1: Called Strike 1-2: Foul Ball, location: 2F 1-2: Strikes out swinging
|
|
Batting: RHB Fernando Reyes
|
0-0: Fly out, F4 (Flyball, 4D, EV 89.4 MPH)
|
|
Pinch Hitting: LHB Dallas Shaw
|
0-0: Ball 1-0: Swinging Strike 1-1: Ball 2-1: Foul Ball, location: 2F 2-2: Foul Ball, location: 2F 2-2: Foul Ball, location: 2F 2-2: Ball 3-2: Foul Ball, location: 2F 3-2: Ground out 4-3 (Groundball, 4M, EV 90.0 MPH)
|
| Bottom of the 8th over - 0 runs, 0 hits, 0 errors, 0 left on base; Florida State University 2 - University of Alabama 0 |
| TOP OF THE 9TH |
|
Florida State University Seminoles batting - Pitching for University of Alabama Crimson Tide : RHP Devon Williams
|
|
Pitching: RHP Matt Mason
|
|
|
Now at 1B: Doyle James
|
|
|
Now in LF: Adam Antico
|
|
|
Batting: LHB Jeff Shields
|
0-0: Ball 1-0: Called Strike 1-1: Ball 2-1: Swinging Strike 2-2: Ball 3-2: Foul Ball, location: 2F 3-2: Foul Ball, location: 2F 3-2: Foul Ball, location: 2F 3-2: Strikes out swinging
|
|
Batting: RHB Tyan-yu Chen
|
0-0: Foul Ball, location: 2F 0-1: Fly out, F9 (Flyball, 89M, EV 90.0 MPH)
|
|
Batting: LHB Hastings Miller
|
0-0: Ball 1-0: Fly out, F8 (Flyball, 8RD, EV 96.2 MPH)
|
| Top of the 9th over - 0 runs, 0 hits, 0 errors, 0 left on base; Florida State University 2 - University of Alabama 0 |
| BOTTOM OF THE 9TH |
|
University of Alabama Crimson Tide batting - Pitching for Florida State University Seminoles : RHP Jerry Strickland
|
|
Pitching: RHP Bobby Rodriquez
|
|
|
Batting: SHB Andrew Robison
|
0-0: Called Strike 0-1: Ball 1-1: Swinging Strike 1-2: Foul Ball, location: 2F 1-2: Strikes out looking
|
|
Pinch Hitting: RHB Zachary Mandeville
|
0-0: Called Strike 0-1: Foul Ball, location: 2F 0-2: Ball 1-2: Ball 2-2: Ball 3-2: Strikes out swinging
|
|
Batting: LHB Alan Sullivan
|
0-0: Ball 1-0: Ball 2-0: Called Strike 2-1: Foul Ball, location: 2F 2-2: Fly out, F7 (Flyball, 78S, EV 96.9 MPH)
|
| Bottom of the 9th over - 0 runs, 0 hits, 0 errors, 0 left on base; Florida State University 2 - University of Alabama 0 |
|